 Dungeon Crawl Stone Soup version 0.31.0-11-ge490571c62 (webtiles) character file.

Game seed: 9640782681043753308

15234 ezpacito the Carver (level 11, -3/126 HPs)
             Began as a Demonspawn Berserker on Jan 30, 2024.
             Was a High Priest of Trog.
             Slain by a cyclops (16 damage)
             ... on level 12 of the Dungeon on Jan 31, 2024.
             The game lasted 00:20:36 (11549 turns).

ezpacito the Carver (Demonspawn Berserker)         Turns: 11549, Time: 00:20:37

Health: -3/126     AC: 19    Str: 21    XL:     11   Next: 99%
Magic:  11/11      EV: 10    Int:  7    God:    Trog [*****.]
Gold:   501        SH: 11    Dex: 14    Spells: 10/10 levels left

rFire   . . .        b - +7 Throatcutter {drain, coup de grace}
rCold   . . .        (no shield)
rNeg    + . .        t - +4 chain mail
rPois   .            q - +2 helmet
rElec   .            P - scarf {shadows}
rCorr   +            y - +0 pair of gloves
SInv    .            (no boots)
Will    .....        j - amulet of reflection Stlth
                     r - ring of resist corrosion
HPRegen 0.41/turn    i - ring of positive energy
MPRegen 0.12/turn

%: reflection
@: berserking (expiring), slowed
A: claws 1, large bone plates 2, spiny 2
a: Renounce Religion, Berserk, Trog's Hand, Brothers in Arms


You were on level 12 of the Dungeon.
You worshipped Trog.
Trog was extremely pleased with you.
You visited 2 branches of the dungeon, and saw 13 of its levels.

You collected 697 gold pieces.
You spent 196 gold pieces at shops.

Inventory:

Hand Weapons
 b - the +7 Throatcutter (weapon) {drain, coup de grace}
   (You took it off Terence on level 3 of the Dungeon)
 f - a +1 whip of distortion
 A - a +0 arbalest of chaos
 D - a +2 broad axe of draining
 R - a +2 executioner's axe of flaming
 S - a +0 whip of chaos
Missiles
 k - 51 stones (quivered)
 l - 42 poisoned darts
 K - 6 boomerangs
 L - 7 curare-tipped darts
Armour
 q - a +2 helmet (worn)
 t - a +4 chain mail (worn)
 y - a +0 pair of gloves (worn)
 M - +0 acid dragon scales
 N - +0 steam dragon scales
 P - a scarf of shadows (worn)
 Q - an orb of mayhem
Jewellery
 e - a ring of magical power
 i - a ring of positive energy (right hand)
 j - an amulet of reflection (around neck)
 r - a ring of resist corrosion (left hand)
 F - a ring of positive energy
 I - a ring of protection from cold
Talismans
 a - a beast talisman
 u - a flux talisman
 v - a beast talisman
 V - a blade talisman
Wands
 d - a wand of flame (5)
 o - a wand of quicksilver (9)
 H - a wand of polymorph (17)
Scrolls
 c - 2 scrolls of immolation
 g - 4 scrolls of teleportation
 m - 2 scrolls of poison
 n - a scroll of silence
 z - 2 scrolls of summoning
 C - a scroll of fog
 O - 2 scrolls of fear
Potions
 h - a potion of berserk rage
 p - 8 potions of curing
 s - a potion of ambrosia {unknown}
 w - a potion of mutation {unknown}
 x - 2 potions of magic
 B - a potion of lignification {unknown}
 E - a potion of brilliance {unknown}
 G - a potion of might {unknown}
 J - 2 potions of cancellation {unknown}


   Skills:
 * Level 7.1 Fighting
 * Level 8.9 Long Blades
 * Level 6.2 Axes
 * Level 5.3 Ranged Weapons
 * Level 6.7 Armour
 * Level 5.2 Dodging
 * Level 6.0 Stealth
 + Level 2.9 Shields
 * Level 4.6 Unarmed Combat
 * Level 3.7 Shapeshifting


You had 10 spell levels left.
You didn't know any spells.
Your spell library contained the following spells:

 Spells                   Type           Power      Damage    Failure   Level
 Shock                    Conj/Air       0%         1d3       95%         1
 Ensorcelled Hibernation  Hex/Ice        0%         N/A       99%         2
 Dazzling Flash           Conj/Hex       0%         N/A       100%        3
 Mephitic Cloud           Conj/Alch/Air  0%         N/A       100%        3
 Passwall                 Erth           0%         N/A       100%        3
 Swiftness                Air            0%         N/A       100%        3
 Volatile Blastmotes      Fire/Tloc      0%         2d10      100%        3
 Airstrike                Air            0%         2d(0-16)  100%        4
 Leda's Liquefaction      Alch/Erth      0%         N/A       100%        4
 Sticky Flame             Fire/Alch      0%         2d4       100%        4
 Alistair's Intoxication  Alch           0%         N/A       100%        5
 Curse of Agony           Necr           0%         N/A       100%        5
 Silence                  Hex/Air        0%         N/A       100%        5
 Starburst                Conj/Fire      0%         6d3       100%        6
 Maxwell's Capacitive Co  Air            0%         ∞         100%        8


Dungeon Overview and Level Annotations

Branches:
Dungeon (12/15)            Temple (1/1) D:4            Lair (0/5) D:10
    Orc (0/2) D:10

Altars:
Ashenzari
Cheibriados
Dithmenos
Fedhas
Gozag
Hepliaklqana
Kikubaaqudgha
Makhleb
Nemelex Xobeh
Okawaru
Qazlal
Ru
Sif Muna
Trog
Uskayaw
Vehumet
Wu Jian
Xom
Yredelemnul

Shops:
D:9 (   D:11 *


Innate Abilities, Weirdness & Mutations

You have sharp fingernails.
You are mostly covered in large bone plates. (SH +6)
You are mostly covered in sharp spines.


Message History

You kill the orc!
Trog accepts your kill.
You slash the wraith!
The wraith is moderately damaged.
The wraith hits you. The wraith drains your vigour!
You feel yourself slow down.
The orc warrior is struck by your spines.
The orc warrior hits you with a +0 hand axe.
You slice the wraith!!
The wraith is severely damaged.
You block the wraith's attack. The orc warrior completely misses you.
The wraith is struck by your spines. The wraith hits you.
* * * LOW HITPOINT WARNING * * *
The wraith drains your vigour!
You feel as though you will be slow longer.
You hit the wraith but do no damage.
The wraith is severely damaged.
The wraith is struck by your spines.
You destroy the wraith!
Trog accepts your kill. The wraith hits you.
* * * LOW HITPOINT WARNING * * *
The wraith drains your vigour!
You feel as though you will be slow longer.
The orc warrior barely misses you.
Your Stealth skill increases to level 6!
You barely miss the orc warrior.
The orc warrior is almost dead.
The wraith is struck by your spines. The wraith barely misses you.
You block the orc warrior's attack. The cyclops is struck by your spines.
The cyclops hits you!
* * * LOW HITPOINT WARNING * * *
You slash the cyclops!
The cyclops is moderately wounded.
The orc warrior barely misses you. You block the wraith's attack.
You closely miss the orc warrior.
The orc warrior is almost dead.
You block the wraith's attack. The orc warrior misses you.
The cyclops is struck by your spines. The cyclops hits you!
You die...

#........ #........
######........
#).@WW....W...
#.)oC.........
######........
#........
#..............
#..#####....... #..#
#....... #..#
#.......
######..#####.......


You could see a cyclops, 2 wraiths and an orc warrior (strong, drained).

Vanquished Creatures
  Erica (D:9)
  A two-headed ogre (D:11)
  A boulder beetle (D:11)
  The ghost of jschmitter482 the Thaumaturge, a novice DEMo of Jiyva (D:11)
  Pikel (D:7)
  An orc knight (D:12)
  A deep elf pyromancer (D:10)
  2 cyclopes (D:11)
  A gargoyle (D:11)
  Maggie (D:8)
  2 unseen horrors (D:11)
  4 kobold demonologists (D:11)
  Jeremiah (D:9)
  A troll (D:10)
  Grinder (D:3)
  A hornet (D:9)
  A vampire (D:9)
  5 yaks
  A wraith (D:12)
  3 wyverns
  A steam dragon (D:9)
  3 vampire mosquitoes (D:10)
  An acid dragon (D:10)
  4 water moccasins
  Duvessa (D:5)
  7 orc warriors
  5 black bears
  A sky beast (D:6)
  2 ice beasts (D:8)
  3 ogres
  3 centaurs
  A lemure (D:7)
  2 phantoms
  8 kobold brigands (D:11)
  Blork the orc (D:6)
  2 gnoll sergeants
  4 bullfrogs
  4 scorpions
  8 wights
  Dowan (D:5)
  11 killer bees
  5 electric eels (D:10)
  2 howler monkeys
  2 bombardier beetles
  A jelly (D:8)
  5 orc priests
  A sleepcap (D:5)
  Terence (D:3)
  An iguana (D:7)
  9 orc wizards
  7 gnolls
  7 adders
  A shadow imp (D:5)
  2 ufetubi (D:7)
  A dart slug (D:1)
  3 ribbon worms
  49 orcs
  8 bats
  4 endoplasms
  4 giant cockroaches
  3 goblins
  9 hobgoblins
  5 quokkas
  11 ball pythons
  5 frilled lizards
  9 kobolds
  7 rats
266 creatures vanquished.

Notes
Turn   | Place    | Note
-------+----------+-------------------------------------------
     0 | D:1      | ezpacito the Demonspawn Berserker began the quest for the
                  | Orb.
     0 | D:1      | Reached XP level 1. HP: 18/18 MP: 1/1
    34 | D:1      | Found a faded altar of an unknown god.
   228 | D:1      | Gained mutation: You are partially covered in large bone
                  | plates. (SH +4) [demonic ancestry]
   228 | D:1      | Reached XP level 2. HP: 24/24 MP: 2/2
   294 | D:1      | You fall into a shaft and drop 1 floor!
   540 | D:2      | Gained mutation: You are partially covered in sharp spines.
                  | [demonic ancestry]
   540 | D:2      | Reached XP level 3. HP: 21/29 MP: 3/3
   928 | D:1      | Reached ** piety under Trog
  1931 | D:2      | Reached XP level 4. HP: 37/37 MP: 4/4
  2443 | D:3      | Noticed Terence
  2450 | D:3      | Killed Terence
  2451 | D:3      | Reached skill level 1 in Ranged Weapons
  2451 | D:3      | Reached skill level 1 in Stealth
  2645 | D:3      | Noticed Grinder
  2647 | D:3      | Paralysed by Grinder for 5 turns
  2663 | D:3      | Paralysed by Grinder for 3 turns
  2673 | D:3      | Killed Grinder
  2674 | D:3      | Reached skill level 1 in Unarmed Combat
  2674 | D:3      | Gained mutation: You have sharp fingernails. [demonic
                  | ancestry]
  2674 | D:3      | Reached XP level 5. HP: 22/42 MP: 5/5
  2674 | D:3      | Gained mutation: You are mostly covered in sharp spines.
                  | [demonic ancestry]
  2674 | D:3      | Reached XP level 6. HP: 25/48 MP: 6/6
  3061 | D:3      | Reached *** piety under Trog
  3203 | D:4      | Reached skill level 1 in Long Blades
  3292 | D:4      | Gained mutation: You are mostly covered in large bone
                  | plates. (SH +6) [demonic ancestry]
  3292 | D:4      | Reached XP level 7. HP: 54/54 MP: 7/7
  3377 | D:4      | Found a staircase to the Ecumenical Temple.
  3400 | Temple   | Entered the Ecumenical Temple
  3781 | D:4      | Found a blossoming altar of Fedhas.
  3816 | D:5      | Entered Level 5 of the Dungeon
  3966 | D:5      | Noticed Dowan
  3967 | D:5      | Noticed Duvessa
  3975 | D:5      | Killed Duvessa
  3977 | D:5      | Killed Dowan
  3978 | D:5      | Reached skill level 2 in Long Blades
  4299 | D:5      | Reached skill level 1 in Shapeshifting
  4299 | D:5      | Reached XP level 8. HP: 61/61 MP: 8/8
  4895 | D:6      | Reached skill level 3 in Long Blades
  5132 | D:6      | Found a broken altar of Ashenzari.
  5146 | D:6      | Reached **** piety under Trog
  5388 | D:6      | Identified the +7 chain mail of Lilacs {-Cast +Blink rN+
                  | SInv}
  5431 | D:6      | Noticed Blork the orc
  5436 | D:6      | Killed Blork the orc
  5684 | D:7      | Reached skill level 4 in Long Blades
  5684 | D:7      | Reached skill level 1 in Shields
  5691 | D:7      | Found a sparkling altar of Nemelex Xobeh.
  5715 | D:7      | Reached skill level 5 in Fighting
  5716 | D:7      | Noticed Pikel
  5730 | D:7      | Killed Pikel
  5731 | D:7      | Reached XP level 9. HP: 45/68 MP: 9/9
  5951 | D:7      | Reached skill level 5 in Long Blades
  6853 | D:8      | Reached skill level 5 in Axes
  7021 | D:8      | Reached skill level 6 in Long Blades
  7068 | D:8      | Reached XP level 10. HP: 33/76 MP: 10/10
  7276 | D:8      | Identified the +2 leather armour of Jyjoibru {Harm *Corrode
                  | rPois}
  7323 | D:8      | Noticed Maggie
  7330 | D:8      | Killed Maggie
  7331 | D:8      | Reached skill level 5 in Armour
  7562 | D:8      | Found a sacrificial altar of Ru.
  7563 | D:8      | Found a burning altar of Makhleb.
  7563 | D:8      | Found a shimmering blue altar of Sif Muna.
  7566 | D:8      | Found a radiant altar of Vehumet.
  7567 | D:8      | Found a bloodstained altar of Trog.
  7662 | D:9      | Noticed Erica
  7668 | D:9      | Killed Erica
  7780 | D:9      | Found Luots's Antique Weapon Shoppe.
  8050 | D:9      | Reached skill level 5 in Stealth
  8114 | D:9      | Noticed Jeremiah
  8123 | D:9      | Reached skill level 7 in Long Blades
  8130 | D:9      | Killed Jeremiah
  8380 | D:10     | Entered Level 10 of the Dungeon
  8864 | D:10     | Reached XP level 11. HP: 82/82 MP: 11/11
  8892 | D:10     | Found a staircase to the Lair.
  8921 | D:10     | Noticed a deep elf pyromancer
  8929 | D:10     | Killed a deep elf pyromancer
  9169 | D:10     | Got the Grimoire of Hazy Toxicants
  9272 | D:10     | Found a staircase to the Orcish Mines.
  9456 | D:10     | Reached ***** piety under Trog
  9745 | D:10     | Found a stormy altar of Qazlal.
 10300 | D:11     | Reached skill level 8 in Long Blades
 10394 | D:11     | Noticed a boulder beetle
 10405 | D:11     | Killed a boulder beetle
 10405 | D:11     | Received a gift from Trog
 10567 | D:11     | Found Muwewi's Assorted Antiques.
 10570 | D:11     | Bought a runed broad axe for 196 gold pieces
 10607 | D:11     | Reached skill level 5 in Dodging
 10636 | D:11     | Noticed a two-headed ogre
 10642 | D:11     | Killed a two-headed ogre
 10665 | D:11     | Reached skill level 5 in Ranged Weapons
 10899 | D:11     | Found a runed translucent gate.
 10900 | D:11     | Found a runed translucent gate.
 10900 | D:11     | Found a runed translucent gate.
 10900 | D:11     | Noticed jschmitter482's ghost (novice DEMo)
 11224 | D:11     | Noticed a lightning spire
 11233 | D:11     | Killed jschmitter482's ghost
 11535 | D:12     | Noticed an orc knight
 11540 | D:12     | Killed an orc knight
 11549 | D:12     | Slain by a cyclops

Illustrated notes

Levels and vault maps discovered:
D:1:      evilmike_arrival_crescent, layout_basic,
          hellmonk_ecumenical_altar_blasted
D:2:      layout_loops_ring, serial_bayou_pond_b
D:3:      layout_basic, uniq_grinder, uniq_terence
D:4:      layout_basic, kennysheep_mini, minmay_temple_entry_mist
D:5:      dreamdust_elfheim, layout_loops_ring, mainiacjoe_overflow_paths,
          uniq_duvessa
D:6:      layout_basic, ashenzari_conservatory_becter, serial_corexii_hall,
          corexii_hall_statues_deadend, corexii_hall_statues_i,
          uniq_blork_the_orc
D:7:      layout_loops_corners, nemelex_diamond_rough_becter, eino_curves_01,
          uniq_pikel
D:8:      layout_cave_pools, minitemple, special_room [special_room_orc],
          kennysheep_decorative_pillar, uniq_maggie
D:9:      layout_gridville, overflow_temple_1_default, serial_shops, shop,
          uniq_erica, uniq_jeremiah
D:10:     layout_basic, lemuel_doored_altar, due_lair_maze_entry_diamond,
          orc_0_dummy, nrook_campfire, hangedman_decor_peaks_small
D:11:     layout_basic, serial_shops, nicolae_shop_tiny_real_fake_doors,
          gammafunk_ghost_nasty_kobolds, ebering_dispersal_statue_hall
D:12:     layout_small_grid, minmay_curled_crystal, hangedman_decor_lopped,
          uniq_josephine
Temple:   grunt_temple_mini_profane

Skill      XL: |  1  2  3  4  5  6  7  8  9 10 11 |
---------------+----------------------------------+-----
Axes           | 3 4 5 6 |  6.2
Armour         | 2 3 4 5 6 |  6.7
Ranged Weapons | 1 2 3 4 5 |  5.3
Dodging        | 2 3 4 5 |  5.2
Stealth        | 2 3 4 5 6 |  6.0
Fighting       | 4 5 6 7 |  7.1
Unarmed Combat | 1 2 3 4 |  4.6
Long Blades    | 1 2 4 6 7 8 |  8.9
Shapeshifting  | 1 2 3 |  3.7
Shields        | 1 2 |  2.9

Action                     |  1- 3 |  4- 6 |  7- 9 | 10-12 || total
---------------------------+-------+-------+-------+-------++-------
  Melee: Hand axe          |   112 |     4 |       |       ||   116
         Punch             |     2 |       |     2 |    10 ||    14
         War axe           |       |    14 |       |       ||    14
         Long sword        |       |    27 |   181 |   227 ||   435
  Throw: Stone             |       |       |       |     1 ||     1
 Invoke: Berserk           |       |     2 |     4 |     9 ||    15
  Evoke: Wand              |       |       |       |     3 ||     3
    Use: Scroll            |     4 |     4 |    10 |    11 ||    29
         Potion            |       |     1 |     1 |     3 ||     5
   Stab: Sleeping          |     5 |       |       |       ||     5
         Distracted        |       |       |     1 |       ||     1
 Armour: Animal skin       |    69 |     2 |       |       ||    71
         Chain mail        |       |    25 |   105 |   193 ||   323
         Leather armour    |       |    11 |       |       ||    11
         Ring mail         |       |       |    40 |     4 ||    44
  Dodge: Dodged            |    83 |    25 |    67 |    96 ||   271
  Block: Other             |    17 |    12 |    76 |   100 ||   205
         Reflection        |       |       |     2 |     4 ||     6
